 Dungeon Crawl Stone Soup version 0.27-a0-341-g40fdf68bc5 (webtiles) character file.

Game seed: 4370756440680777799

26 EnegeticOcto the Digger (level 3, -1/21 HPs)
             Began as a Halfling Earth Elementalist on Feb 14, 2021.
             Slain by Terence
             ... wielding a +2 mace of protection
              (10 damage)
             ... on level 3 of the Dungeon.
             The game lasted 00:01:48 (212 turns).

EnegeticOcto the Digger (HaEE)                       Turns: 212, Time: 00:01:49

Health: -1/21      AC:  2    Str:  9    XL:     3   Next: 22%
Magic:  3/5        EV: 19    Int: 14    God:
Gold:   4          SH:  0    Dex: 14    Spells: 4/5 levels left

rFire    . . .     SeeInvis .   d - +0 club
rCold    . . .     Faith    .   (shield restricted)
rNeg     . . .     Spirit   .   c - +0 robe
rPois    .         Reflect  .   (no helmet)
rElec    .         Harm     .   (no cloak)
rCorr    .         Rampage  .   (no gloves)
Will     .....                  (no boots)
Stlth    ++........             (no amulet)
HPRegen  0.07/turn              a - +4 ring of evasion
MPRegen  0.09/turn              f - ring of wizardry

@: no status effects
A: small, mutation resistance 1
a: no special abilities


You were on level 3 of the Dungeon.
You visited 1 branch of the dungeon, and saw 3 of its levels.

You collected 4 gold pieces.

Inventory:

Hand Weapons
 d - a +0 club (weapon)
   (You took it off a goblin on level 1 of the Dungeon)
Missiles
 b - 17 stones
 g - 13 poisoned darts (quivered)
Armour
 c - a +0 robe (worn)
Jewellery
 a - a +4 ring of evasion (left hand)
   (You found it on level 1 of the Dungeon)
 f - a ring of wizardry (right hand)
   (You found it on level 2 of the Dungeon)
Scrolls
 e - a scroll of immolation {unknown}


   Skills:
 - Level 2.1 Dodging
 - Level 2.1 Stealth
 - Level 1.5 Spellcasting
 - Level 0.5 Transmutations
 + Level 4.1 Earth Magic


You had 4 spell levels left.
You knew the following spells:

 Your Spells              Type           Power        Failure   Level
a - Sandblast             Erth           24%          1%          1

Your spell library contained the following spells:

 Spells                   Type           Power        Failure   Level
 Passwall                 Tmut/Erth      5%           6%          2
 Stone Arrow              Conj/Erth      12%          13%         3
 Petrify                  Tmut/Erth      7%           34%         4
 Lee's Rapid Deconstruct  Erth           6%           43%         5


Dungeon Overview and Level Annotations

Branches:
Dungeon (3/15)

Altars:

Annotations:
D:3 Terence


Innate Abilities, Weirdness & Mutations

You are small and have problems with some larger weapons.
You are somewhat resistant to further mutation.


Message History

Aiming: Sandblast (safe; 2% risk of failure)
Press: ? - help, Shift-Dir - straight line, f/p - adder
Aim: an adder (heavily wounded, 34% to evade)
The blast of sand hits the adder!
You kill the adder!
A rat comes into view.
Your Earth Magic skill increases to level 4!
You have reached level 3!
Your experience leads to an increase in your attributes!
Increase (s)trength, (i)ntelligence, or (d)exterity?
You feel clever.
You hit the kobold.
The kobold is severely wounded.
The kobold hits you with a +0 dagger.
You closely miss the kobold.
The kobold is severely wounded.
The kobold completely misses you.
You hit the kobold.
You kill the kobold!
You hit the orc.
The orc is heavily wounded.
You barely miss the orc.
The orc is heavily wounded.
The orc hits you with a +0 dagger.
You barely miss the orc.
The orc is heavily wounded.
The orc misses you. The orc completely misses you.
You hit the orc.
You kill the orc!
You hit the orc.
The orc is heavily wounded.
The orc misses you.
You hit the orc.
The orc is severely wounded.
The orc closely misses you.
You hit the orc.
You kill the orc!
The orc jeers noisily.
The kobold hits you with a +0 short sword.
You barely miss the kobold. The kobold barely misses you.
You closely miss the kobold. The kobold misses you.
You hit the kobold.
The kobold is severely wounded.
The kobold closely misses you. x2
You closely miss the kobold.
The kobold is severely wounded.
The kobold misses you.
You barely miss the kobold.
The kobold is severely wounded.
The kobold misses you.
You hit the kobold.
You kill the kobold!
Terence shouts, "Now you die!"
Terence asks, "Do you want it fast or slow?"
Found a hunting sling.
Terence bares his teeth.
Found 12 gold pieces.
You see here 20 poisoned darts.
g - 20 poisoned darts Terence closely misses you.
Throw: 20 darts (poison)
Press: ? - help, Q - select action, (/) - cycle Shift-Dir - straight line, f - Terence
Aim: Terence, wielding a +2 mace of protection and wearing a +0 ring mail (61% to hit)
You throw a poisoned dart.
The poisoned dart barely misses Terence.
Terence misses you.
Throw: 19 darts (poison)
Press: ? - help, Q - select action, (/) - cycle Shift-Dir - straight line, f/p - Terence
Aim: Terence, wielding a +2 mace of protection and wearing a +0 ring mail (61% to hit)
You throw a poisoned dart.
The poisoned dart barely misses Terence.
Terence hits you with a +2 mace of protection.
Throw: 18 darts (poison)
Press: ? - help, Q - select action, (/) - cycle Shift-Dir - straight line, f/p - Terence
Aim: Terence, wielding a +2 mace of protection and wearing a +0 ring mail (61% to hit)
You throw a poisoned dart. The poisoned dart hits Terence.
Throw: 17 darts (poison)
Press: ? - help, Q - select action, (/) - cycle Shift-Dir - straight line, f/p - Terence
Aim: Terence, wielding a +2 mace of protection and wearing a +0 ring mail (61% to hit)
You throw a poisoned dart.
The poisoned dart barely misses Terence.
Terence misses you.
Throw: 16 darts (poison)
Press: ? - help, Q - select action, (/) - cycle Shift-Dir - straight line, f/p - Terence
Aim: Terence, wielding a +2 mace of protection and wearing a +0 ring mail (61% to hit)
You throw a poisoned dart. The poisoned dart hits Terence.
Terence barely misses you.
Throw: 15 darts (poison)
Press: ? - help, Q - select action, (/) - cycle Shift-Dir - straight line, f/p - Terence
Aim: Terence, wielding a +2 mace of protection and wearing a +0 ring mail (61% to hit)
You throw a poisoned dart.
The poisoned dart closely misses Terence.
Terence completely misses you.
Throw: 14 darts (poison)
Press: ? - help, Q - select action, (/) - cycle Shift-Dir - straight line, f/p - Terence
Aim: Terence, wielding a +2 mace of protection and wearing a +0 ring mail (61% to hit)
You throw a poisoned dart.
The poisoned dart closely misses Terence.
Terence hits you with a +2 mace of protection!
You die...

#......###. .
#(......##!#####...
#......(...........
#.......###..#
#.........o#.######
#.........o#.#....# #
#......<...#.#....#)#
#.)........#)#.....#
#....[.....#.#@....#
##.....###..r@....##
##...# ###o#....?#
#### ...$.....#
.........<.#
.............#
.............#
$..<....?....#
.............#


You could see Terence, an orc and a rat.

Vanquished Creatures
  An adder (D:3)
  2 orcs (D:3)
  2 bats (D:1)
  2 giant cockroaches (D:1)
  3 goblins
  A hobgoblin (D:1)
  2 kobolds (D:3)
  A rat (D:1)
14 creatures vanquished.

Notes
Turn   | Place    | Note
-------+----------+-------------------------------------------
     0 | D:1      | EnegeticOcto the Halfling Earth Elementalist began the
                  | quest for the Orb.
     0 | D:1      | Reached XP level 1. HP: 11/11 MP: 3/3
    86 | D:1      | Reached XP level 2. HP: 11/17 MP: 0/4
   147 | D:2      | Noticed a sky beast
   165 | D:3      | Noticed Terence
   177 | D:3      | Reached skill level 4 in Earth Magic
   177 | D:3      | Reached XP level 3. HP: 15/21 MP: 0/5
   212 | D:3      | Slain by Terence

Illustrated notes

Levels and vault maps discovered:
D:1:      minmay_arrival_four_loops, layout_basic
D:2:      layout_basic
D:3:      layout_rooms, nicolae_tso_swordbearing_angel, uniq_crazy_yiuf_cottage,
          uniq_sigmund, uniq_jessica, uniq_terence

Skill      XL: |  1  2 |
---------------+-------+-----
Earth Magic    | 4 |  4.1
Dodging        | |  2.1
Stealth        | |  2.1
Spellcasting   | |  1.5
Transmutations | |  0.5

Action                   || total
-------------------------++-------
Melee: Unarmed           ||    26
       Club              ||    26
Throw: Dart              ||     7
 Cast: Sandblast         ||    13
Armor: Robe              ||     9
Dodge: Dodged            ||    70

Table legend: (Time is in decaauts)
 A = Elapsed time spent in this place.
 B = Non-inter-level travel time spent in this place.
 C = Inter-level travel time spent in this place.
 D = Time resting spent in this place.
 E = Time spent auto-exploring this place.
 F = Levels seen in this place.
 G = Mean time per level.
                   A        B        C        D        E       F      G
               +--------+--------+--------+--------+--------+-----+--------+
         Total |    217 |    215 |      2 |      0 |      0 |   3 |   72.3 |
       Dungeon |    217 |    215 |      2 |      0 |      0 |   3 |   72.3 |
               +--------+--------+--------+--------+--------+-----+--------+

Top non-repeatable levels by time:
     D:1: 137 daAuts
     D:3: 52 daAuts
     D:2: 28 daAuts
